 Dungeon Crawl Stone Soup version 0.25-a0-1104-g1bb6b8da34 (webtiles) character file.

Game seed: 252120234025140196, levelgen mode: deterministic

9587 Krogger the Geomancer (level 11, -1/64 HPs)
             Began as a Gargoyle Earth Elementalist on May 16, 2020.
             Was a High Priest of Vehumet.
             Slain by a catoblepas (22 damage)
             ... in a Gauntlet.
             The game lasted 00:25:08 (10996 turns).

Krogger the Geomancer (GrEE)                       Turns: 10996, Time: 00:25:09

Health: -1/64      AC: 21    Str: 10 (11) XL:     11   Next: 48%
Magic:  1/22       EV: 13    Int: 19 (21) God:    Vehumet [*****.]
Gold:   503        SH:  0    Dex:  8 (11) Spells: 16/25 levels left

rFire    + . .     SeeInvis .   g - +11 morningstar "Jydghaops" {vorpal, Int+3 Stlth+}
rCold    . . .     Gourm    .   (no shield)
rNeg     + + .     Faith    .   E - +0 steam dragon scales
rPois    ∞         Spirit   .   o - +0 helmet
rElec    +         Reflect  .   i - +2 ratskin cloak {+Rats rPois rN+ Str-1 Int-1 Dex+1}
rCorr    +         Harm     .   (no gloves)
MR       .....     NoTele   +   a - +2 pair of boots
Stlth    +++.......             D - amulet of the acrobat
HPRegen  0.20/turn              n - ring of resist corrosion
MPRegen  0.18/turn              (no ring)

@: very slightly contaminated, invisible
A: hooves 2, fire resistance 1, negative energy resistance 1, electricity
resistance, wild magic 1, unbreathing, petrification resistance, rot immunity,
AC +8
a: Renounce Religion, Evoke Ratskin


You were in a Gauntlet.
You worshipped Vehumet.
Vehumet was extremely pleased with you.
You were not hungry.

You visited 2 branches of the dungeon, and saw 13 of its levels.
You also visited: Sewer and Gauntlet.

You collected 503 gold pieces.

Inventory:

Hand Weapons
 g - the +11 morningstar "Jydghaops" (weapon) {vorpal, Int+3 Stlth+}
   (You found it in a Gauntlet)

   It inflicts extra damage upon your enemies.
   It affects your intelligence (+3).
   It makes you more stealthy.
 p - a +3 falchion
 t - a +0 morningstar of venom
 H - a +3 whip of electrocution
Missiles
 b - 116 stones (quivered)
 r - 7 atropa-tipped darts
Armour
 a - a +2 pair of boots (worn)
 i - the +2 ratskin cloak (worn) {+Rats rPois rN+ Str-1 Int-1 Dex+1}
   (You found it on level 5 of the Dungeon)

   It affects your strength (-1).
   It affects your intelligence (-1).
   It affects your dexterity (+1).
   It protects you from poison.
   It protects you from negative energy.
 o - a +0 helmet (worn)
 E - +0 steam dragon scales (worn)
Jewellery
 n - a ring of resist corrosion (left hand)
 D - an amulet of the acrobat (around neck)
Wands
 v - a wand of polymorph (9)
Scrolls
 e - 3 scrolls of remove curse
 j - 3 scrolls of magic mapping
 l - 3 scrolls of amnesia
 u - 5 scrolls of fog
 w - 4 scrolls of teleportation
 x - a scroll of blinking
 A - 2 scrolls of immolation
 G - a scroll of brand weapon
Potions
 f - 3 potions of curing
 k - a potion of might
 m - a potion of ambrosia
 q - 4 potions of mutation
 z - 2 potions of haste
 C - a potion of stabbing
 F - 2 potions of brilliance {unknown}
Comestibles
 d - 21 rations


   Skills:
 + Level 5.3 Fighting
 + Level 4.9 Maces & Flails
 + Level 5.3 Armour
 + Level 4.4 Dodging
 - Level 2.1 Stealth
 + Level 7.6 Spellcasting
 + Level 8.3 Conjurations
   Level 0.7 Transmutations
 + Level 10.1 Earth Magic
 + Level 4.4 Evocations


You had 16 spell levels left.
You knew the following spells:

 Your Spells              Type           Power        Failure   Level  Hunger
a - Sandblast             Erth           ######       1%          1    None
b - Stone Arrow           Conj/Erth      ######       1%          3    #......
c - Lee's Rapid Deconstr  Erth           ######....   1%          5    #####..

Your spell library contained the following spells:

 Spells                   Type           Power        Failure   Level  Hunger
 Starburst                Conj/Fire      ####......   58%         6    ######.
 Foxfire                  Conj/Fire      ####         1%          1    None
 Magic Dart               Conj           ####         1%          1    None
 Searing Ray              Conj           ######       1%          2    None
 Conjure Flame            Conj/Fire      ####....     2%          3    #......
 Dazzling Flash           Conj/Hex       ####..       2%          3    #......
 Passwall                 Tmut/Erth      #####...     3%          2    None
 Fulminant Prism          Conj/Hex       ####......   7%          4    ###....
 Iskenderun's Mystic Bla  Conj/Tloc      ####....     7%          4    ###....
 Sticky Flame             Conj/Fire      ####....     7%          4    ###....
 Inner Flame              Hex/Fire       #.......     11%         3    #......
 Petrify                  Tmut/Erth      #####...     14%         4    ###....
 Fireball                 Conj/Fire      ####......   16%         5    #####..


Dungeon Overview and Level Annotations

Branches:
Dungeon (13/15)            Temple (1/1) D:5            Lair (0/6) D:9
  Sewer (visited)         Gauntlet (1/1)
    Orc: D:9-12      Vaults: D:13-14

Altars:
Ashenzari
Cheibriados
Elyvilon
Gozag
Kikubaaqudgha
Makhleb
Okawaru
Ru
Sif Muna
Trog
Uskayaw
Vehumet
Wu Jian
Xom
Zin
The Shining One

Shops:
D:5 }

Annotations:
D:12 Maurice Gauntlet 11 transporters, 4 runed translucent doors


Innate Abilities, Weirdness & Mutations

You are resistant to torment.
Your stone body is resilient. (AC +8)
You are immune to poison.
You resist negative energy. (rN+)
You are resistant to electric shocks. (rElec)
You can survive without breathing.
You are immune to petrification.
You are immune to rotting.
You have hoof-like feet.
Your flesh is heat resistant. (rF+)
Your spells are a little harder to cast, but a little more powerful.


Message History

The catoblepas is severely wounded.
b - 118 stones
Casting: Sandblast (safe; 1% risk of failure)
Confirm with . or Enter, or press ? or * to list all spells.
Aiming: Sandblast (safe; 1% risk of failure)
Press: ? - help, Shift-Dir - straight line The blast of sand hits the catoblepas!
The catoblepas is almost dead.
b - 117 stones The catoblepas breathes a plume of calcifying dust at you.
The blast of calcifying dust hits you but does no damage.
Casting: Sandblast (safe; 1% risk of failure)
Confirm with . or Enter, or press ? or * to list all spells.
Aiming: Sandblast (safe; 1% risk of failure)
Press: ? - help, Shift-Dir - straight line The blast of sand hits the catoblepas but does no damage.
The catoblepas is almost dead.
b - 116 stones The catoblepas gores you!!
You die...

♣.###†###.#.♣PP.♣..≈≈#
..###.©†..#.........≈#
##################...####
......©.........©#....≈≈#
#####################..≈#
#...........###...###...####
#..P#≈#≈#...###...###.♣..≈≈#
#.P.≈≈≈≈≈...#..+##..#.P...≈#
#.♣.#≈#≈#P♣.#..#@#..#.♣PP..##
#..P≈≈≈≈≈...#..##Y9.#.P.PP.≈##
#..P#≈#≈#P..###.[)###.♣....≈≈#
#...PPP.....####©####....P.≈##
###...♣...#############.♣..##
.©#.......#©....©....©#....≈##
######.###################.≈≈#
.###.#.#...9#9Y#.#z#zzz..#.≈##
...#.#.#.##.#.9#.#z#zz##.#.##


You could see 2 catoblepae, a molten gargoyle, 2 gargoyles and 4 flying skulls.

Vanquished Creatures
  Harold (D:10)
  An unseen horror (D:10)
  A guardian serpent (D:9)
  A gargoyle (Gauntlet)
  A queen bee (Gauntlet)
  2 trolls
  2 hippogriffs
  A spriggan (D:9)
  A wyvern (D:8)
  5 yaks
  A vampire (D:13)
  2 steam dragons (D:8)
  A hungry ghost (D:7)
  A water moccasin (D:7)
  3 porcupines (D:9)
  A hornet zombie (D:9)
  3 ice beasts
  2 sky beasts
  4 black bears
  2 phantoms
  3 ogres
  2 centaurs (D:8)
  A big kobold (D:10)
  6 bullfrogs
  A gnoll sergeant (D:8)
  A wyvern skeleton (D:10)
  3 scorpions
  15 killer bees
  4 wights (D:10)
  An electric eel (D:9)
  5 crimson imps
  3 howler monkeys
  A centaur zombie (D:5)
  8 hounds
  A quasit (D:4)
  2 orc priests
  A jelly (D:6)
  A bullfrog skeleton (D:8)
  4 iguanas
  3 hell rats (D:5)
  6 orc wizards
  6 worker ants
  A hound zombie (D:5)
  3 hound skeletons
  A worker ant zombie (D:5)
  19 adders
  A howler monkey skeleton (D:8)
  4 river rats (D:5)
  A shadow imp (D:5)
  10 oozes (Sewer)
  An adder zombie (D:5)
  4 dart slugs
  14 leopard geckos
  45 orcs
  14 ball pythons
  13 giant cockroaches
  8 goblins
  3 hobgoblins
  10 jackals
  6 quokkas
  4 bats
  13 frilled lizards
  A giant cockroach zombie (D:5)
  16 kobolds
  A quokka skeleton (D:4)
  24 rats
331 creatures vanquished.

Vanquished Creatures (others)
  5 fungi (D:9)
5 creatures vanquished.

Grand Total: 336 creatures vanquished

Notes
Turn   | Place    | Note
-------+----------+-------------------------------------------
     0 | D:1      | Krogger the Gargoyle Earth Elementalist began the quest for
                  | the Orb.
     0 | D:1      | Reached XP level 1. HP: 10/10 MP: 3/3
   284 | D:1      | Reached XP level 2. HP: 13/15 MP: 5/5
   287 | D:1      | Reached skill level 4 in Earth Magic
  1041 | D:2      | Reached XP level 3. HP: 11/19 MP: 7/7
  1046 | D:2      | Learned a level 3 spell: Stone Arrow
  1213 | D:2      | Reached skill level 1 in Conjurations
  1213 | D:2      | Reached XP level 4. HP: 5/24 MP: 3/8
  2230 | D:3      | Reached skill level 5 in Earth Magic
  2234 | D:3      | Reached XP level 5. HP: 21/28 MP: 0/10
  2734 | D:3      | Found an opulent altar of Gozag.
  2735 | D:3      | Found a shimmering altar of Xom.
  2777 | D:3      | Reached XP level 6. HP: 32/32 MP: 6/11
  2820 | D:3      | Gained mutation: You have large cloven feet. [potion of
                  | mutation]
  2820 | D:3      | Gained mutation: Your spells are a little harder to cast,
                  | but a little more powerful. [potion of mutation]
  2820 | D:3      | Gained mutation: Your flesh is heat resistant. (rF+)
                  | [potion of mutation]
  2820 | D:3      | Gained mutation: You have hoof-like feet. [potion of
                  | mutation]
  3250 | D:3      | Learned a level 5 spell: Lee's Rapid Deconstruction
  3369 | D:4      | Reached skill level 6 in Earth Magic
  3516 | D:4      | You fall into a shaft and drop 1 floor!
  3516 | D:5      | Entered Level 5 of the Dungeon
  3600 | D:4      | Reached XP level 7. HP: 36/36 MP: 10/13
  4014 | D:5      | Found a staircase to the Ecumenical Temple.
  4048 | Temple   | Entered the Ecumenical Temple
  4064 | Temple   | Became a worshipper of Vehumet
  4402 | D:5      | Found Vuewoiq's Gadget Emporium.
  4585 | D:5      | Found an ornate altar of the Wu Jian Council.
  4818 | D:5      | Reached skill level 7 in Earth Magic
  4820 | D:5      | Reached * piety under Vehumet
  4820 | D:5      | Offered knowledge of Magic Dart by Vehumet.
  4825 | D:5      | Reached skill level 5 in Spellcasting
  4947 | D:5      | Found the +2 ratskin cloak {+Rats rPois rN+ Str-1 Int-1
                  | Dex+1}
  5078 | D:6      | Reached skill level 5 in Conjurations
  5078 | D:6      | Reached XP level 8. HP: 41/41 MP: 15/15
  5345 | D:6      | Found a glowing drain.
  5363 | Sewer    | Entered a sewer
  5554 | Sewer    | Reached ** piety under Vehumet
  5556 | Sewer    | Offered knowledge of Shock by Vehumet.
  5776 | Sewer    | Offered knowledge of Searing Ray by Vehumet.
  5861 | Sewer    | Reached *** piety under Vehumet
  6010 | Sewer    | Reached skill level 8 in Earth Magic
  6226 | D:6      | Reached skill level 1 in Fighting
  6226 | D:6      | Reached skill level 1 in Armour
  6697 | D:7      | Reached skill level 1 in Maces & Flails
  6697 | D:7      | Reached XP level 9. HP: 47/47 MP: 18/18
  6754 | D:7      | Reached skill level 1 in Evocations
  6763 | D:7      | Offered knowledge of Static Discharge by Vehumet.
  7281 | D:7      | Reached **** piety under Vehumet
  7891 | D:8      | Reached skill level 9 in Earth Magic
  8033 | D:8      | Noticed a troll
  8043 | D:8      | Offered knowledge of Lightning Bolt by Vehumet.
  8048 | D:8      | Killed a troll
  8061 | D:8      | Reached XP level 10. HP: 36/56 MP: 9/20
  8808 | D:9      | Found a shattered altar of Ashenzari.
  9021 | D:9      | Found a staircase to the Lair.
  9173 | D:9      | Found a hide-covered altar of Uskayaw.
  9173 | D:9      | Found a bloodstained altar of Trog.
  9173 | D:9      | Found a shimmering blue altar of Sif Muna.
  9173 | D:9      | Found a sacrificial altar of Ru.
  9246 | D:9      | Noticed a cyclops
  9247 | D:9      | Noticed a guardian serpent
  9247 | D:9      | a cyclops changed into a guardian serpent
  9252 | D:9      | Killed a guardian serpent
  9667 | D:9      | Reached ***** piety under Vehumet
  9790 | D:9      | Offered knowledge of Starburst by Vehumet.
  9860 | D:10     | Entered Level 10 of the Dungeon
  9865 | D:10     | Noticed Harold
  9880 | D:10     | Killed Harold
  9880 | D:10     | Reached XP level 11. HP: 62/62 MP: 8/21
 10024 | D:10     | Killed an unseen horror
 10240 | D:10     | Reached skill level 5 in Fighting
 10248 | D:10     | Reached skill level 10 in Earth Magic
 10363 | D:10     | Reached skill level 5 in Armour
 10452 | D:10     | You fall into a shaft and drop 3 floors!
 10655 | D:12     | Noticed Maurice
 10655 | D:12     | Noticed a manticore
 10662 | D:12     | Found a gate leading to a gauntlet.
 10669 | Gauntlet | Entered a Gauntlet
 10669 | Gauntlet | Found a transporter.
 10676 | Gauntlet | Found a transporter.
 10678 | Gauntlet | Found a transporter.
 10687 | Gauntlet | Found a transporter.
 10689 | Gauntlet | Found a transporter.
 10702 | Gauntlet | Found a transporter.
 10714 | Gauntlet | Noticed a moth of wrath
 10717 | Gauntlet | Found a transporter.
 10727 | Gauntlet | Found a transporter.
 10735 | Gauntlet | Found a runed translucent gate.
 10735 | Gauntlet | Found a runed translucent gate.
 10735 | Gauntlet | Noticed a catoblepas
 10736 | Gauntlet | Found a runed translucent gate.
 10737 | Gauntlet | Found a transporter.
 10742 | Gauntlet | Found a transporter.
 10757 | Gauntlet | Found a transporter.
 10761 | Gauntlet | Noticed a catoblepas
 10769 | Gauntlet | Found a runed translucent door.
 10770 | Gauntlet | Found a transporter.
 10770 | Gauntlet | Found a transporter.
 10771 | Gauntlet | Found a runed translucent door.
 10822 | Gauntlet | Found a transporter.
 10918 | Gauntlet | Got a polished morningstar
 10924 | Gauntlet | Identified the +11 morningstar "Jydghaops" {vorpal, Int+3
                  | Stlth+} (You found it in a Gauntlet)
 10996 | Gauntlet | Slain by a catoblepas

Illustrated notes

Levels and vault maps discovered:
D:1:      elethiomel_arrival_maze, layout_rooms
D:2:      layout_loops_ring, first_ration
D:3:      layout_rooms, gammafunk_temple_overflow_wave
D:4:      layout_rooms
D:5:      wander_guarded_unrand_ratskin, layout_loops_cross,
          kennysheep_mini_moat, minmay_temple_entry_statues_fountains,
          serial_shops, nicolae_shop_stone
D:6:      layout_loops_ring, gup_sewer_entry_glass
D:7:      layout_loops_ring
D:8:      layout_rooms, minmay_increasing_density
D:9:      layout_irregular_city, cheibrodos_ashenzari_chains,
          chequers_temple_overflow_statue_of_worship,
          due_lair_maze_entry_diamond, the_bakery, nicolae_two_hexagons,
          lightli_minifort
D:10:     layout_rooms, uniq_harold
D:12:     layout_loops_ring, gauntlet_entry_generic, grunt_ministairs_12,
          uniq_maurice
D:13:     layout_gridville, grunt_ministairs_15
Temple:   eino_temple_lava
Gauntlet: minmay_gauntlet_77_tree [minmay_gauntlet_arena_77_p_blocks,
          minmay_gauntlet_arena_77_cramped, minmay_gauntlet_arena_77_checkered,
          minmay_gauntlet_arena_77_squiggly,
          minmay_gauntlet_arena_77_run_for_it,
          minmay_gauntlet_arena_77_broken_ladder,
          minmay_gauntlet_arena_77_chump_sandwich, gauntlet_exit_hidden_loot]

Skill      XL: |  1  2  3  4  5  6  7  8  9 10 11 |
---------------+----------------------------------+-----
Earth Magic    | 4 5 6 7 8 9 10 | 10.1
Conjurations   | 1 2 3 5 6 7 8 |  8.3
Spellcasting   | 3 4 5 6 7 |  7.6
Fighting       | 1 3 4 5 |  5.3
Armour         | 1 3 4 5 |  5.3
Maces & Flails | 1 2 4 |  4.9
Dodging        | 2 4 |  4.4
Evocations     | 2 3 4 |  4.4
Stealth        | |  2.1
Transmutations | |  0.7

Action                   |  1- 3 |  4- 6 |  7- 9 | 10-12 || total
-------------------------+-------+-------+-------+-------++-------
Melee: Club              |    61 |       |       |       ||    61
       Short sword       |    31 |    52 |       |       ||    83
       Whip              |       |    67 |       |    29 ||    96
       Falchion          |       |    30 |   416 |    97 ||   543
       Kick              |       |     6 |       |       ||     6
       Morningstar       |       |       |       |     4 ||     4
Throw: Dart              |       |     1 |       |       ||     1
 Cast: Sandblast         |     9 |    59 |   103 |   117 ||   288
       Lee's Rapid Decon |       |       |     3 |    14 ||    17
       Stone Arrow       |       |       |     1 |       ||     1
 Abil: Evoke Ratskin     |       |       |     1 |       ||     1
Evoke: Wand              |       |       |       |     1 ||     1
  Use: Scroll            |       |    11 |     7 |     6 ||    24
       Potion            |       |     2 |     2 |     4 ||     8
 Stab: Sleeping          |     2 |     2 |     6 |     1 ||    11
  Eat: Chunk             |       |     9 |    16 |    12 ||    37
       Ration            |       |       |       |     1 ||     1
Armor: Robe              |    38 |    70 |   259 |       ||   367
       Steam dragon scal |       |       |    28 |   127 ||   155
Dodge: Dodged            |    58 |   152 |   450 |   201 ||   861
       Rpst.: Falchion   |       |    11 |   139 |    31 ||   181

Table legend:
 A = Non-vault XP
 B = Vault XP
 C = Vault XP percentage of total XP
 D = Non-vault monster count
 E = Vault monster count
 F = Vault count percentage of total count
                 A         B        C        D         E       F
            +---------+---------+-------+---------+---------+-------
      Total |    8348 |    5349 |  39.1 |     217 |     114 |  34.4
            +---------+---------+-------+---------+---------+-------
        D:1 |      32 |       0 |   0.0 |      19 |       0 |   0.0
        D:2 |     123 |       0 |   0.0 |      25 |       0 |   0.0
        D:3 |     239 |       0 |   0.0 |      29 |       0 |   0.0
        D:4 |     335 |       0 |   0.0 |       9 |       0 |   0.0
        D:5 |     276 |     168 |  37.8 |      21 |      21 |  50.0
        D:6 |     759 |       6 |   0.8 |      22 |       3 |  12.0
        D:7 |    1142 |       0 |   0.0 |      32 |       0 |   0.0
        D:8 |    1112 |     793 |  41.6 |      12 |       9 |  42.9
        D:9 |    1175 |    2004 |  63.0 |      19 |      12 |  38.7
       D:10 |    1872 |     929 |  33.2 |      23 |       1 |   4.2
       D:13 |    1283 |      81 |   5.9 |       6 |       4 |  40.0
      Sewer |       0 |     409 | 100.0 |       0 |      58 | 100.0
   Gauntlet |       0 |     959 | 100.0 |       0 |       6 | 100.0
            +---------+---------+-------+---------+---------+-------
